 Dungeon Crawl Stone Soup version 0.24-a0-203-gf0bc1e9 (webtiles) character file.

Game seed: 163727031301454074

84 Borgoz the Sneak (level 4, -4/27 HPs)
             Began as a Kobold Assassin on Mar 26, 2019.
             Slain by an orc priest
             ... wielding a +0 flail
              (6 damage)
             ... on level 2 of the Dungeon.
             The game lasted 00:04:53 (2849 turns).

Borgoz the Sneak (Kobold Assassin)                  Turns: 2849, Time: 00:04:53

Health: -4/27      AC:  4    Str:  9    XL:     4   Next: 72%
Magic:  5/5        EV: 15    Int: 12    God:
Gold:   178        SH:  0    Dex: 16    Spells: 4/4 levels left

rFire    . . .     SeeInvis .   r - +0 rapier
rCold    . . .     Gourm    .   (shield restricted)
rNeg     . . .     Faith    .   l - +0 leather armour
rPois    .         Spirit   .   (no helmet)
rElec    .         Reflect  .   d - +0 cloak
rCorr    .         Harm     .   (no gloves)
MR       .....                  (no boots)
Stlth    +++.......             n - amulet of the acrobat
HPRegen  0.09/turn              (no ring)
MPRegen  0.09/turn              (no ring)

@: no status effects
A: small, carnivore
a: no special abilities


You were on level 2 of the Dungeon.
You were completely stuffed.

You visited 1 branch of the dungeon, and saw 3 of its levels.

You collected 178 gold pieces.

Inventory:

Hand Weapons
 a - a +2 dagger
 b - a +0 blowgun
 r - a +0 rapier (weapon)
Missiles
 e - 8 poisoned needles
 f - 2 curare-tipped needles
 k - 73 bolts
Armour
 d - a +0 cloak (worn)
 l - a +0 leather armour (worn)
Jewellery
 n - an amulet of the acrobat (around neck)
 o - a +3 ring of evasion {unknown}
Scrolls
 c - a scroll of remove curse
 j - 2 scrolls of identify
Comestibles
 g - 3 rations


   Skills:
 + Level 2.6 Fighting
 * Level 4.1 Short Blades
 - Level 2.1 Throwing
 * Level 1.3 Armour
 * Level 2.6 Dodging
 - Level 5.3 Stealth
 + Level 0.9 Spellcasting


You had 4 spell levels left.
You didn't know any spells.
Your spell library was empty.

Dungeon Overview and Level Annotations

Branches:
Dungeon (3/15)

Altars:
Trog


Innate Abilities, Weirdness & Mutations

You are small and have problems with some larger weapons.
You are carnivorous and can eat meat at any time.


Message History

You closely miss the orc priest.
The orc priest hits you with a +0 flail!
You are too injured to fight recklessly!
The orc priest hits you with a +0 flail!
* * * LOW HITPOINT WARNING * * *
You climb upwards.
There is a stone staircase leading down here.
You aren't carrying any potions.
Okay, then.
You closely miss the orc priest. You hit the orc priest.
The orc priest is moderately wounded.
The orc priest completely misses you.
You barely miss the orc priest.
The orc priest is moderately wounded.
The orc priest barely misses you.
You hit the orc priest.
The orc priest is heavily wounded.
The orc priest hits you with a +0 flail.
You die...

'...#.##........#.......'......(.
###.##.#.#######.#...####........
###.#.##.# #.##.## ##.......
#..##.#.# #.#### ##....(#
#.......# #.# ##...## #.####..#
#.# ##+## #.##....# #.# #.#
#.##.##.# #.# #.# #.##.##.#
#@############.## #.##.##.#
#.o..?......#...## ##.......#
###########......# ......####
#.#...#. ####### #.##.#..
#....... # ####.#.# # #.##. #
#.###


You could see an orc priest.

Vanquished Creatures
  2 adders
  2 worms (D:2)
  2 dart slugs (D:1)
  A leopard gecko (D:1)
  An orc (D:2)
  4 bats
  2 giant cockroaches (D:2)
  5 goblins
  4 hobgoblins
  7 jackals
  4 kobolds
  A quokka (D:2)
  A ball python (D:1)
  5 frilled lizards
  11 rats
52 creatures vanquished.

Notes
Turn   | Place    | Note
-------+----------+-------------------------------------------
     0 | D:1      | Borgoz the Kobold Assassin began the quest for the Orb.
     0 | D:1      | Reached XP level 1. HP: 12/12 MP: 1/1
   212 | D:1      | Reached XP level 2. HP: 16/17 MP: 2/2
   506 | D:1      | Reached XP level 3. HP: 17/22 MP: 3/3
  1345 | D:2      | Reached skill level 1 in Armour
  1476 | D:2      | Reached XP level 4. HP: 27/27 MP: 4/4
  1532 | D:2      | Noticed a moth of wrath
  1534 | D:2      | Found a bloodstained altar of Trog.
  2490 | D:3      | HP: 1/27 [orc priest/+0 flail (9)]
  2844 | D:3      | HP: 1/27 [orc priest/+0 flail (8)]
  2849 | D:2      | Slain by an orc priest

Levels and vault maps discovered:
D:1:      wander_arrival_desolate, layout_basic
D:2:      layout_loops_corners, tgw_trog, first_ration, minmay_misc_feat_tiny
D:3:      layout_basic

Skill      XL: |  1  2  3  4 |
---------------+-------------+-----
Short Blades   | 3 4 |  4.1
Dodging        | 2 |  2.6
Armour         | 1 |  1.3
Fighting       | |  2.6
Throwing       | |  2.1
Stealth        | |  5.3
Spellcasting   | |  0.9

Action                   |  1- 3 |  4- 6 || total
-------------------------+-------+-------++-------
Melee: Dagger            |    58 |       ||    58
       Short sword       |    62 |       ||    62
       Rapier            |     4 |    73 ||    77
  Use: Scroll            |     8 |       ||     8
       Potion            |       |     2 ||     2
 Stab: Sleeping          |     7 |     5 ||    12
  Eat: Chunk             |    10 |     5 ||    15
Armor: Robe              |    16 |       ||    16
       Leather armour    |       |     9 ||     9
Dodge: Dodged            |    87 |    73 ||   160

Table legend:
 A = Non-vault XP
 B = Vault XP
 C = Vault XP percentage of total XP
 D = Non-vault monster count
 E = Vault monster count
 F = Vault count percentage of total count
                 A         B        C        D         E       F
            +---------+---------+-------+---------+---------+-------
      Total |     107 |      13 |  10.8 |      47 |       5 |   9.6
            +---------+---------+-------+---------+---------+-------
        D:1 |      47 |       0 |   0.0 |      26 |       0 |   0.0
        D:2 |      35 |      13 |  27.1 |      14 |       5 |  26.3
        D:3 |      25 |       0 |   0.0 |       7 |       0 |   0.0
            +---------+---------+-------+---------+---------+-------
